 Dungeon Crawl Stone Soup version 0.15-a0-1995-g7e6aeab (webtiles) character file.

427 FiftyNine the Chopper (level 7, 0/54 HPs)
             Began as a Human Wanderer on July 11, 2014.
             Was an Initiate of Okawaru.
             Killed by nerve-wracking pain
             ... invoked by an orc priest
              (6 damage)
             ... on Level 4 of the Dungeon.
             The game lasted 00:25:09 (6277 turns).

FiftyNine the Chopper (Human Wanderer)              Turns: 6277, Time: 00:25:09

HP   0/54        AC  8     Str 14      XL: 7   Next: 18%
MP   8/8         EV  9     Int 11      God: Okawaru [......]
Gold 256         SH  0     Dex 14      Spells:  0 memorised,  6 levels left

rFire  . . .     SeeInvis .     a - +2 hand axe
rCold  . . .     Clarity  .     h - +0 ring mail
rNeg   . . .     rCorr    .     (no shield)
rPois  .         rRot     .     (no helmet)
rElec  .         Spirit   .     (no cloak)
SustAb .         Warding  .     (no gloves)
rMut   .         Stasis   .     l - +2 pair of boots
Gourm  .                        (no amulet)
MR     .....                    (no ring)
                                (no ring)

@: very slightly contaminated, invisible, not resistant to hostile enchantments,
very unstealthy
A: no striking features
a: Renounce Religion


You were on level 4 of the Dungeon.
You worshipped Okawaru.
Okawaru was noncommittal.
You were hungry.

You visited 2 branches of the dungeon, and saw 5 of its levels.

You collected 256 gold pieces.

Inventory:

Hand weapons
 a - a +2 hand axe (weapon)
 u - a +0 battleaxe
Missiles
 g - a throwing net
 n - 14 stones
 p - 7 tomahawks
 v - a javelin (quivered)
Armour
 d - a +0 robe
 h - a +0 ring mail (worn)
 j - a +0 chain mail
 l - a +2 pair of boots (worn)
Comestibles
 f - 4 bread rations
 i - 2 slices of pizza
 o - 2 beef jerkies
 q - a meat ration
 s - 4 fruits
Scrolls
 c - 3 scrolls of teleportation
 k - 3 scrolls of recharging
 r - a scroll of immolation
 w - 2 scrolls of identify
 x - 2 scrolls of remove curse
Potions
 b - 3 potions of curing
 m - a potion of cancellation
 t - a potion of berserk rage {unknown}


   Skills:
 + Level 4.2 Fighting
 - Level 6.3 Axes
 - Level 1.1 Throwing
 - Level 2.3 Armour
 - Level 1.0 Dodging
   Level 1.0 Evocations


You had 6 spell levels left.
You didn't know any spells.

Dungeon Overview and Level Annotations

Branches:
Dungeon (4/15)             Temple (1/1) D:4

Altars:
Ashenzari
Cheibriados
Dithmenos
Elyvilon
Fedhas
Gozag
Okawaru
Sif Muna
Trog
Xom
Yredelemnul
The Shining One

Shops:
D:4 %

Annotations:
D:2 1 exclusion
D:3 Purgy


Message History

The orc is healed somewhat.
You hit the orc.
The orc is moderately wounded.
The orc hits you but does no damage.
The orc priest mumbles some strange prayers to Beogh against you.
Something smites you!
* * * LOW HITPOINT WARNING * * *
Drink which item? (? for menu, Esc to quit)
You fade into invisibility!
The orc completely misses you.
You are very lightly contaminated with residual magic.
The orc priest mumbles some strange prayers to Beogh against the orc.
The orc convulses in agony!
The orc dies!
The orc priest calls down the wrath of Beogh upon something.
Pain shoots through your body!
* * * LOW HITPOINT WARNING * * *
The orc priest mumbles some strange prayers to Beogh against something.
Pain shoots through your body!
You die...

#......# #[# #.#
#......# #o# #.#
######## #.# #.#
#.# #.. #.# #.#
######## #.#
#......##########.#
#.#......@...)o(..#
#.#.##.############
#.#.##.# #.#.##.#
#...##.# ###.##<#
######


You could see an orc priest.

Vanquished Creatures
  A phantom (D:4)
  A giant frog (D:4)
  An iguana (D:4)
  Terence (D:3)
  8 adders
  A green rat (D:3)
  2 giant mites
  3 worms
  An iguana skeleton (D:4)
  5 giant geckos
  An ooze (D:1)
  7 orcs
  5 bats (D:2)
  7 giant cockroaches
  11 goblins
  4 hobgoblins
  12 jackals
  16 kobolds
  4 quokkas
  4 giant newts
  A kobold skeleton (D:4)
  An orc skeleton (D:4)
  A quokka skeleton (D:4)
  10 rats
108 creatures vanquished.

Vanquished Creatures (others)
  An orc (D:4)
1 creature vanquished.

Grand Total: 109 creatures vanquished

Notes
Turn   | Place    | Note
--------------------------------------------------------------
     0 | D:1      | FiftyNine, the Human Wanderer, began the quest for the Orb.
     0 | D:1      | Reached XP level 1. HP: 18/18 MP: 1/1
   256 | D:1      | Reached XP level 2. HP: 18/24 MP: 2/2
   956 | D:2      | Reached XP level 3. HP: 29/29 MP: 3/3
  1270 | D:2      | Reached XP level 4. HP: 16/35 MP: 4/4
  2037 | D:2      | Found a shadowy altar of Dithmenos.
  2045 | D:2      | Found a glowing golden altar of the Shining One.
  2047 | D:2      | Found a deep blue altar of Sif Muna.
  2055 | D:2      | Found a snail-covered altar of Cheibriados.
  2107 | D:2      | Reached skill level 4 in Axes
  2277 | D:2      | Reached XP level 5. HP: 33/41 MP: 5/5
  3432 | D:3      | Reached skill level 5 in Axes
  3446 | D:3      | Found a glowing drain.
  3951 | D:3      | Noticed Terence
  4006 | D:3      | Killed Terence
  4006 | D:3      | Reached XP level 6. HP: 14/47 MP: 7/7
  4431 | D:3      | Noticed Purgy
  4874 | D:4      | Found a staircase to the Ecumenical Temple.
  4884 | Temple   | Entered the Ecumenical Temple
  4961 | Temple   | Became a worshipper of Warmaster Okawaru
  5252 | D:4      | Reached skill level 6 in Axes
  5570 | D:4      | Found Sirezoar's Food Boutique.
  6083 | D:4      | Reached XP level 7. HP: 38/54 MP: 8/8
  6277 | D:4      | Killed from afar by an orc priest

Action                   |  1- 3 |  4- 6 |  7- 9 || total
-------------------------+-------+-------+-------++-------
Melee: Hand axe          |    84 |   373 |    15 ||   472
Throw: Stone             |    24 |     1 |       ||    25
       Throwing net      |     2 |     3 |       ||     5
       Tomahawk          |       |    28 |       ||    28
       Javelin           |       |    23 |     2 ||    25
  Use: Scroll            |       |     8 |       ||     8
       Potion            |       |     6 |     1 ||     7
  Eat: Chunk             |     1 |    10 |       ||    11
       Meat ration       |       |     1 |       ||     1
       Fruit             |       |     1 |       ||     1
